 Dungeon Crawl Stone Soup version 0.23.2-33-g5129a83184 (webtiles) character file.

Game seed: 14473276977210227773

39 troglodite the Fighter (level 3, -3/38 HPs)
             Began as a Gnoll Wanderer on July 5, 2019.
             Slain by Sigmund
             ... wielding a +0 scythe
              (7 damage)
             ... on level 2 of the Dungeon.
             The game lasted 00:03:01 (782 turns).

troglodite the Fighter (Gnoll Wanderer)              Turns: 782, Time: 00:03:01

Health: -3/38      AC:  3    Str: 15    XL:     3   Next: 45%
Magic:  4/4        EV: 13    Int: 14    God:
Gold:   0          SH:  0    Dex: 14    Spells: 3/3 levels left

rFire    . . .     SeeInvis .   a - +2 short sword
rCold    . . .     Gourm    .   (no shield)
rNeg     . . .     Faith    .   d - +0 robe
rPois    .         Spirit   .   i - +0 helmet
rElec    .         Reflect  .   (no cloak)
rCorr    .         Harm     .   (no gloves)
MR       .....                  (no boots)
Stlth    ++........             (no amulet)
HPRegen  0.12/turn              (no ring)
MPRegen  0.09/turn              (no ring)

@: no status effects
A: distributed training, fangs 1, strong nose
a: no special abilities


You were on level 2 of the Dungeon.
You were not hungry.

You visited 1 branch of the dungeon, and saw 2 of its levels.

Inventory:

Hand Weapons
 a - a +2 short sword (weapon)
 c - a +0 falchion
Armour
 d - a +0 robe (worn)
 i - a +0 helmet (worn)
Scrolls
 b - a scroll of teleportation
 h - a scroll of enchant armour {unknown}
 j - a scroll of remove curse {unknown}
 k - a scroll of random uselessness {unknown}
 l - a scroll of identify {unknown}
Comestibles
 f - a ration


   Skills:
 + Level 8.5 Fighting
 + Level 4.5 Short Blades
 + Level 2.6 Long Blades
 + Level 0.7 Axes
 + Level 0.7 Maces & Flails
 + Level 0.7 Polearms
 + Level 0.7 Staves
 + Level 0.7 Slings
 + Level 0.7 Bows
 + Level 0.7 Crossbows
 + Level 0.7 Throwing
 + Level 0.7 Armour
 + Level 2.6 Dodging
 + Level 2.3 Stealth
 + Level 0.7 Shields
 + Level 0.7 Unarmed Combat
 + Level 0.7 Spellcasting
 + Level 0.5 Conjurations
 + Level 0.5 Hexes
 + Level 0.5 Charms
 + Level 0.5 Summonings
 + Level 0.5 Necromancy
 + Level 0.5 Translocations
 + Level 0.5 Transmutations
 + Level 0.5 Fire Magic
 + Level 0.5 Ice Magic
 + Level 0.5 Air Magic
 + Level 0.5 Earth Magic
 + Level 0.5 Poison Magic
 + Level 0.9 Invocations
 + Level 2.6 Evocations


You had 3 spell levels left.
You didn't know any spells.
Your spell library was empty.

Dungeon Overview and Level Annotations

Branches:
Dungeon (2/15)

Altars:

Annotations:
D:2 Sigmund


Innate Abilities, Weirdness & Mutations

Your experience applies equally to all skills.
You have very sharp teeth.
Your uncanny sense of smell can sniff out nearby items.


Message History

Sigmund appears from thin air!
Reactivating autopickup.
Sigmund misses you.
You see here a jackal corpse.
You completely miss Sigmund. You hit Sigmund.
Sigmund is lightly wounded.
Sigmund completely misses you.
You completely miss Sigmund.
Sigmund is lightly wounded.
You closely miss Sigmund.
Sigmund is lightly wounded.
Sigmund hits you with a +0 scythe!
* * * LOW HITPOINT WARNING * * *
You hit Sigmund. You bite Sigmund, but do no damage.
Sigmund is moderately wounded.
You puncture Sigmund! You bite Sigmund, but do no damage.
Sigmund is heavily wounded.
Sigmund hits you with a +0 scythe!
You die...

#####.## ##.##
#..# #..## ##.#
##..## #.##
##..# #..###
##.# ##...## #†#
###.)# #.# ##@#
#.# #@#
#######h#### #.#
#....>.>...#
#...#..........#
###.......!....#
##......?...###
#.............
#...........##
#........^..#
#....$......##


You could see Sigmund.

Vanquished Creatures
  An ooze (D:1)
  A dart slug (D:2)
  A leopard gecko (D:1)
  3 giant cockroaches (D:1)
  A goblin (D:1)
  4 hobgoblins
  7 jackals
  2 bats (D:2)
  2 frilled lizards (D:1)
  A kobold (D:1)
  6 rats
29 creatures vanquished.

Notes
Turn   | Place    | Note
-------+----------+-------------------------------------------
     0 | D:1      | troglodite the Gnoll Wanderer began the quest for the Orb.
     0 | D:1      | troglodite set off with the following items: a +2 short
                  | sword, a scroll of teleportation, a +0 falchion, a +0 robe,
                  | a ration
     0 | D:1      | Reached XP level 1. HP: 26/26 MP: 2/2
   199 | D:1      | Reached XP level 2. HP: 33/33 MP: 3/3
   565 | D:1      | Reached XP level 3. HP: 38/38 MP: 4/4
   696 | D:2      | Noticed Sigmund
   782 | D:2      | Slain by Sigmund

Action                   || total
-------------------------++-------
Melee: Short sword       ||    75
       Bite              ||     9
  Use: Potion            ||     1
 Stab: Sleeping          ||     5
Armor: Robe              ||    32
Dodge: Dodged            ||    60
